 Dungeon Crawl Stone Soup version 0.28.0-43-g3370ac3207 (webtiles) character file.

Game seed: 8860529821720636809

252 smarlow the Skirmisher (level 5, -4/50 HPs)
             Began as a Minotaur Fighter on Feb 28, 2022.
             Slain by Pikel
             ... wielding a +2 whip of freezing
              (11 damage)
             ... on level 4 of the Dungeon.
             The game lasted 00:03:47 (3145 turns).

smarlow the Skirmisher (Minotaur Fighter)           Turns: 3145, Time: 00:03:48

Health: -4/50      AC:  7    Str: 22    XL:     5   Next: 89%
Magic:  4/4        EV:  9    Int:  5    God:
Gold:   96         SH:  4    Dex: 10    Spells: 4/4 levels left

rFire   . . .      SeeInvis .   l - +2 war axe (elec)
rCold   . . .      Faith    .   c - +0 buckler
rNeg    . . .      Spirit   .   b - +0 scale mail
rPois   .          Reflect  .   (helmet restricted)
rElec   .          Harm     .   (no cloak)
rCorr   .          Rampage  .   (no gloves)
Will    .....                   (no boots)
Stlth   ..........              n - amulet of the acrobat
HPRegen 0.16/turn               (no ring)
MPRegen 0.09/turn               (no ring)

@: mighty
A: horns 2, retaliatory headbutt
a: no special abilities


You were on level 4 of the Dungeon.
You visited 1 branch of the dungeon, and saw 4 of its levels.

You collected 96 gold pieces.

Inventory:

Hand Weapons
 a - a +0 war axe
 l - a +2 war axe of electrocution (weapon)
Armour
 b - a +0 scale mail (worn)
 c - a +0 buckler (worn)
Jewellery
 n - an amulet of the acrobat (around neck)
Scrolls
 e - a scroll of amnesia {unknown}
 h - a scroll of silence {unknown}
 i - 2 scrolls of identify {unknown}
 j - a scroll of acquirement {unknown}
 k - 3 scrolls of teleportation {unknown}
 m - a scroll of magic mapping {unknown}
 p - a scroll of immolation {unknown}
Potions
 f - a potion of flight {unknown}
 g - a potion of resistance {unknown}
 o - a potion of magic {unknown}
 q - 2 potions of brilliance {unknown}


   Skills:
 * Level 5.6 Fighting
 + Level 4.0 Axes
 + Level 4.8 Armour
 + Level 4.8 Shields


You had 4 spell levels left.
You didn't know any spells.
Your spell library contained the following spells:

 Spells                   Type           Power      Damage    Failure   Level
 Ensorcelled Hibernation  Hex/Ice        0%         N/A       95%         2
 Spider Form              Tmut/Pois      0%         N/A       99%         3
 Anguish                  Hex/Necr       0%         N/A       100%        4


Dungeon Overview and Level Annotations

Branches:
Dungeon (4/15)
 Temple: D:4-7

Altars:
Elyvilon
Xom

Shops:
D:2 (

Annotations:
D:3 3 runed translucent doors, fknight's ghost, amateur HOMo
D:4 Pikel


Innate Abilities, Weirdness & Mutations

You have a pair of horns on your head.
You reflexively headbutt those who attack you in melee.


Message History

You closely miss the adder. The lemure closely misses you.
The adder barely misses you. The orc hits you with a +0 flail.
You hit the orc but do no damage. You barely miss the adder. You hit Pikel.
The adder barely misses you. You furiously retaliate!
You headbutt the adder.
You kill the adder!
The orc closely misses you.
You barely miss the orc. Your headbutt misses the orc. You slash Pikel!
You block the orc's attack. Pikel barely misses you. You furiously retaliate!
You headbutt Pikel. The orc hits you with a +0 flail.
Pikel hits you with a +2 whip of freezing.
Pikel freezes you.
You closely miss the orc. You headbutt the orc!
You kill the orc!
You hit the lemure. You closely miss Pikel. The lemure barely misses you.
Pikel hits you with a +2 whip of freezing.
Pikel freezes you. The lemure barely misses you.
You slash Pikel!
Pikel is severely wounded.
You slash the lemure! Pikel barely misses you. The lemure barely misses you.
You furiously retaliate!
You headbutt the lemure. You hit Pikel.
Pikel is severely wounded.
You slash the lemure!
Pikel hits you with a +2 whip of freezing!
Pikel freezes you. The lemure hits you.
Pikel drinks a potion.
Pikel is healed!
You hit Pikel.
Pikel is severely wounded.
You slash the lemure!
You kill the lemure!
That felt strangely unrewarding.
Pikel hits you with a +2 whip of freezing!
* * * LOW HITPOINT WARNING * * *
Pikel freezes you.
* * * LOW HITPOINT WARNING * * *
You feel very mighty all of a sudden.
You hear the rusting of a very distant drain.
The lemure hits you.
* * * LOW HITPOINT WARNING * * *
Pikel hits you with a +2 whip of freezing!
You die...

5.55 .##.....## .K.
##.#.......#
#.##..#.......#
#....##.......#
#..........## ##
#.###.......# #.
#########5# #.......# #.
........K5# #....>..# #.
.......@5## #......## #.
.......)†.....#...#####.
.........#########......
.........# #...†..
.........# #.....#
.........# #.<...#
.........# ##.####
.........# #####.#
#.....#


You could see Pikel and 3 lemures.

Vanquished Creatures
  A black bear (D:3)
  A lemure (D:4)
  An orc priest (D:4)
  3 gnolls (D:3)
  5 adders
  8 orcs
  5 ball pythons
  6 endoplasms
  2 giant cockroaches
  5 goblins
  4 hobgoblins
  4 quokkas
  3 bats
  3 frilled lizards
  7 kobolds
  3 rats (D:1)
61 creatures vanquished.

Notes
Turn   | Place    | Note
-------+----------+-------------------------------------------
     0 | D:1      | smarlow the Minotaur Fighter began the quest for the Orb.
     0 | D:1      | Reached XP level 1. HP: 19/19 MP: 0/0
   428 | D:1      | Reached XP level 2. HP: 26/27 MP: 1/1
   807 | D:1      | Reached skill level 4 in Fighting
  1319 | D:2      | Found Nalidab's Antique Weapon Boutique.
  1392 | D:2      | Reached XP level 3. HP: 29/33 MP: 2/2
  1703 | D:2      | Found a white marble altar of Elyvilon.
  1741 | D:3      | Noticed a black bear
  1747 | D:3      | Killed a black bear
  1748 | D:3      | Reached skill level 5 in Fighting
  1748 | D:3      | Reached XP level 4. HP: 27/42 MP: 3/3
  1748 | D:3      | Reached XP level 5. HP: 31/48 MP: 4/4
  1926 | D:3      | Found a runed translucent gate.
  1926 | D:3      | Found a runed translucent gate.
  1927 | D:3      | Found a runed translucent gate.
  1929 | D:3      | Noticed fknight's ghost (amateur HOMo)
  2271 | D:3      | Found a faded altar of an unknown god.
  3026 | D:4      | Found a shimmering altar of Xom.
  3130 | D:4      | Noticed a lemure
  3131 | D:4      | Noticed a lemure
  3131 | D:4      | Noticed a lemure
  3132 | D:4      | Noticed Pikel
  3132 | D:4      | Noticed a lemure
  3144 | D:4      | Killed a lemure
  3145 | D:4      | Slain by Pikel

Illustrated notes

Levels and vault maps discovered:
D:1:      psy_arrival_whirlpool, layout_basic
D:2:      layout_loops_ring, serial_shops, nicolae_diamond_shop, basic_altar
D:3:      layout_basic, ebering_ghost_rock_garden,
          hellmonk_ecumenical_altar_inner_sanctum, wad_floor_pattern_1,
          chequers_serial_rivers_micro_d
D:4:      layout_rooms, overflow_temple_1_default, old_standard_altar,
          kennysheep_mini_moat, portal_sewer_entry_b, uniq_pikel

Skill      XL: |  1  2  3  4  5 |
---------------+----------------+-----
Fighting       | 4 5 |  5.6
Armour         | 4 |  4.8
Shields        | 4 |  4.8
Axes           | 3 4 |  4.0

Action                   |  1- 3 |  4- 6 || total
-------------------------+-------+-------++-------
Melee: War axe           |    78 |    42 ||   120
       Headbutt          |     1 |     3 ||     4
  Use: Potion            |     1 |     1 ||     2
Armor: Scale mail        |    39 |     6 ||    45
Dodge: Dodged            |    31 |    32 ||    63
Block: Buckler           |    21 |    12 ||    33
